 Dungeon Crawl Stone Soup version 0.30.0 (webtiles) character file.

Game seed: 13116804457970666648

3877 SnakkuSnakku7 the Spear-Bearer (level 10, -2/83 HPs)
             Began as a Ghoul Conjurer on May 6, 2023.
             Was an Elder of Sif Muna.
             Slain by a wight
             ... wielding a +4 hand axe
              (6 damage)
             ... on level 7 of the Dungeon.
             The game lasted 00:09:08 (6551 turns).

SnakkuSnakku7 the Spear-Bearer (Ghoul Conjurer)     Turns: 6551, Time: 00:09:08

Health: -2/83      AC: 13    Str: 22    XL:     10   Next: 19%
Magic:  11/11      EV:  6    Int: 13    God:    Sif Muna [****..]
Gold:   499        SH:  0    Dex:  7    Spells: 11/12 levels left

rFire   . . .        a - +2 glaive (flame)
rCold   + . .        (shield currently unavailable)
rNeg    + + +        l - +0 plate armour
rPois   ∞            (no helmet)
rElec   .            i - +0 cloak
rCorr   .            e - +0 pair of gloves
SInv    .            p - +0 pair of boots
Will    .....        (no amulet) Stlth
                     s - +4 ring of slaying
HPRegen 0.00/turn    u - +6 ring of strength
MPRegen 0.12/turn

%: no passive effects
@: mighty, brilliant, inhibited regen, invisible
A: claws 1, cold resistance 1, negative energy resistance 3, inhibited
regeneration, torment resistance 2, devour on kill
a: Renounce Religion, Channel Magic, Forget Spell, Divine Exegesis


You were on level 7 of the Dungeon.
You worshipped Sif Muna.
Sif Muna was greatly pleased with you.
You visited 1 branch of the dungeon, and saw 7 of its levels.
You also visited: Sewer.

You collected 499 gold pieces.

Inventory:

Hand Weapons
 a - a +2 glaive of flaming (weapon)
 m - a +0 mace
 K - a +0 war axe
Missiles
 y - 25 poisoned darts (quivered)
Armour
 c - a +0 robe
 e - a +0 pair of gloves (worn)
 h - a +0 ring mail
 i - a +0 cloak (worn)
 l - a +0 plate armour (worn)
 p - a +0 pair of boots (worn)
Jewellery
 o - a ring of fire
 r - a ring of fire
 s - a +4 ring of slaying (left hand)
 u - a +6 ring of strength (right hand)
 N - a ring of wizardry
Wands
 C - a wand of charming (7)
 L - a wand of light (11)
Scrolls
 f - a scroll of poison
 g - 2 scrolls of immolation
 k - 4 scrolls of teleportation {unknown}
 n - a scroll of silence {unknown}
 w - 2 scrolls of blinking {unknown}
 x - a scroll of enchant armour {unknown}
 B - 3 scrolls of vulnerability {unknown}
 F - 3 scrolls of enchant weapon {unknown}
 H - 3 scrolls of fog {unknown}
 M - a scroll of identify
Potions
 b - a potion of magic
 j - 5 potions of heal wounds {unknown}
 q - 2 potions of ambrosia {unknown}
 t - 2 potions of cancellation
 z - 2 potions of resistance
 A - a potion of flight {unknown}
 D - a potion of might
 E - a potion of brilliance
 G - a potion of berserk rage {unknown}
 I - a potion of mutation {unknown}
 J - a potion of lignification {unknown}


   Skills:
 - Level 6.0 Fighting
 - Level 6.4(8.8) Axes
 - Level 1.3(4.2) Maces & Flails
 + Level 9.1(10.0) Polearms
 - Level 4.0 Throwing
 - Level 1.7 Dodging
 - Level 2.1 Stealth
 - Level 1.7 Spellcasting
 - Level 3.2 Conjurations


You had 11 spell levels left.
You knew the following spells:

 Your Spells              Type           Power      Damage    Failure   Level
a - Magic Dart            Conj           56%        1d5       89%         1

Your spell library contained the following spells:

 Spells                   Type           Power      Damage    Failure   Level
 Searing Ray              Conj           28%        2d5       96%         2
 Sandblast                Erth           2%         2d4       100%        1
 Sting                    Tmut/Pois      4%         1d3       100%        1
 Ensorcelled Hibernation  Hex/Ice        2%         N/A       100%        2
 Passwall                 Tmut/Erth      0%         N/A       100%        2
 Poisonous Vapours        Pois/Air       2%         N/A       100%        2
 Scorch                   Fire           2%         2d5       100%        2
 Dazzling Flash           Conj/Hex       16%        N/A       100%        3
 Ozocubu's Armour         Ice            1%         N/A       100%        3
 Portal Projectile        Hex/Tloc       2%         N/A       100%        3
 Stone Arrow              Conj/Erth      16%        3d8       100%        3
 Swiftness                Air            1%         N/A       100%        3
 Tukima's Dance           Hex            1%         N/A       100%        3
 Flame Wave               Conj/Fire      8%         2d5       100%        4
 Fulminant Prism          Conj/Hex       4%         3d5       100%        4
 Iskenderun's Mystic Bla  Conj/Tloc      8%         2d4       100%        4
 Manifold Assault         Tloc           1%         N/A       100%        4
 Olgreb's Toxic Radiance  Pois           1%         N/A       100%        4
 Dispersal                Tloc           0%         N/A       100%        6
 Summon Cactus Giant      Summ           0%         N/A       100%        6
 Ozocubu's Refrigeration  Ice            0%         4d7       100%        7
 Disjunction              Tloc           0%         N/A       100%        8
 Blade Hands              Tmut           Unusable   N/A       N/A         5

Dungeon Overview and Level Annotations

Branches:
Dungeon (7/15)             Temple (0/1) D:5           Sewer (visited)

Altars:
Sif Muna
Yredelemnul


Innate Abilities, Weirdness & Mutations

You are immune to poison.
You have sharp fingernails.
Your flesh is cold resistant. (rC+)
You are immune to negative energy. (rN+++)
You do not regenerate when monsters are visible.
You are immune to unholy pain and torment.
You thrive by killing the living.


Message History

The bullfrog hits you.
* * * LOW HITPOINT WARNING * * *
Okay, then.
You feel better.
The bullfrog hits you but does no damage.
The bullfrog hits you.
* * * LOW HITPOINT WARNING * * *
The wight barely misses you.
You fade into invisibility!
The bullfrog hits you.
* * * LOW HITPOINT WARNING * * *
The wight hits you with a +4 hand axe.
* * * LOW HITPOINT WARNING * * *
The bullfrog barely misses you.
The bullfrog hits you but does no damage.
You feel better. The bullfrog hits you.
* * * LOW HITPOINT WARNING * * *
The bullfrog hits you but does no damage.
Okay, then.
There is a stone staircase leading down here.
The bullfrog hits you but does no damage.
The bullfrog hits you but does no damage.
The bullfrog hits you but does no damage.
The bullfrog hits you.
* * * LOW HITPOINT WARNING * * *
The bullfrog hits you.
* * * LOW HITPOINT WARNING * * *
You miss the bullfrog.
The bullfrog hits you but does no damage.
The bullfrog hits you!
* * * LOW HITPOINT WARNING * * *
The bullfrog hits you but does no damage.
It was a potion of might.
You feel very mighty all of a sudden. The bullfrog barely misses you.
The bullfrog hits you but does no damage.
It was a potion of brilliance.
You feel clever all of a sudden. The bullfrog barely misses you.
The wight hits you with a +4 hand axe.
You die...

#.....# #...........#
#.....# #...........#
#....## #....##...>.#
##...# #....##....##
##...## #.....#....##
.#....# #.....#.....#
.'....# #.....'.....#
.#....# #..zF.#...)"#
##..### ##..@##...).#
##..##########...##.....#
.............#...)......#
.............#..........#
.............#..........#
#+#########.##...##.....#
....##...##.#######.....#
...........[............#
..<.....................#


You could see a bullfrog (unable to see you) and a wight (unable to see you).

Vanquished Creatures
  A boulder beetle (D:6)
  Maggie (D:6)
  A wyvern (D:6)
  A wraith (D:6)
  Menkaure (D:7)
  A water moccasin (D:7)
  2 ice beasts
  2 black bears
  2 ogres
  2 centaurs
  3 kobold brigands
  A bullfrog (D:7)
  A scorpion (D:6)
  11 wights
  6 killer bees (D:7)
  Crazy Yiuf (D:5)
  2 hounds
  An orc priest (D:3)
  3 jellies
  2 orc wizards
  4 iguanas
  6 river rats (Sewer)
  16 adders
  3 worms
  3 dart slugs
  11 orcs
  9 ball pythons
  2 endoplasms
  6 giant cockroaches
  4 goblins
  3 hobgoblins
  26 kobolds
  A quokka (D:2)
  5 bats
  3 frilled lizards (Sewer)
  23 rats
170 creatures vanquished.

Notes
Turn   | Place    | Note
-------+----------+-------------------------------------------
     0 | D:1      | SnakkuSnakku7 the Ghoul Conjurer began the quest for the
                  | Orb.
     0 | D:1      | Reached XP level 1. HP: 14/14 MP: 2/2
    55 | D:1      | Found a faded altar of an unknown god.
   141 | D:1      | Prayed at the altar of an unknown god.
   141 | D:1      | Became a worshipper of Sif Muna the Loreminder
   141 | D:1      | Reached * piety under Sif Muna
   316 | D:1      | Reached skill level 1 in Fighting
   316 | D:1      | Reached XP level 2. HP: 7/23 MP: 1/3
   452 | D:1      | Reached skill level 1 in Maces & Flails
   919 | D:2      | Reached XP level 3. HP: 17/29 MP: 4/4
  1267 | D:2      | Reached ** piety under Sif Muna
  1554 | D:3      | Reached skill level 1 in Axes
  1559 | D:3      | Found a glowing drain.
  1586 | D:3      | Reached XP level 4. HP: 37/37 MP: 5/5
  1597 | Sewer    | Entered a sewer
  1731 | Sewer    | Reached XP level 5. HP: 42/45 MP: 6/6
  1767 | Sewer    | Reached *** piety under Sif Muna
  1948 | Sewer    | Noticed a kobold brigand
  1948 | Sewer    | Noticed a kobold brigand
  1959 | Sewer    | Killed a kobold brigand
  1960 | Sewer    | Reached XP level 6. HP: 23/53 MP: 7/7
  2649 | D:3      | Reached skill level 5 in Fighting
  2945 | D:4      | Reached XP level 7. HP: 60/61 MP: 8/8
  3224 | D:4      | Found a basalt altar of Yredelemnul.
  3546 | D:5      | Entered Level 5 of the Dungeon
  3616 | D:5      | Reached skill level 5 in Axes
  3649 | D:5      | Found a staircase to the Ecumenical Temple.
  3839 | D:5      | Reached **** piety under Sif Muna
  3844 | D:5      | Reached skill level 1 in Throwing
  3927 | D:5      | Found a runed translucent door.
  3928 | D:5      | Noticed Crazy Yiuf
  3934 | D:5      | Killed Crazy Yiuf
  3935 | D:5      | Reached XP level 8. HP: 66/70 MP: 9/9
  4547 | D:6      | Noticed Maggie
  4570 | D:6      | Killed Maggie
  4746 | D:6      | Reached skill level 1 in Polearms
  4751 | D:6      | Reached skill level 2 in Polearms
  4903 | D:6      | Reached skill level 3 in Polearms
  4949 | D:6      | Noticed a wyvern
  4962 | D:6      | Killed a wyvern
  4963 | D:6      | Reached skill level 4 in Polearms
  4963 | D:6      | Reached XP level 9. HP: 45/75 MP: 10/10
  5121 | D:6      | Reached skill level 5 in Polearms
  5393 | D:6      | Noticed a boulder beetle
  5405 | D:6      | Killed a boulder beetle
  5406 | D:6      | Reached skill level 6 in Polearms
  5426 | D:6      | Reached skill level 7 in Polearms
  5844 | D:7      | Noticed Menkaure
  5849 | D:7      | Killed Menkaure
  5962 | D:7      | Reached skill level 8 in Polearms
  5981 | D:7      | Reached XP level 10. HP: 77/83 MP: 11/11
  6480 | D:7      | Reached skill level 9 in Polearms
  6547 | D:7      | HP: 4/83 [bullfrog (7)]
  6551 | D:7      | Slain by a wight

Illustrated notes

Levels and vault maps discovered:
D:1:      sevenhm_arrival_forest_fort_small_3, layout_basic,
          hellmonk_ecumenical_altar_pennies_from_heaven
D:2:      layout_loops_ring
D:3:      layout_loops_corners, gup_sewer_entry_glass
D:4:      layout_basic, kennysheep_ying_yang
D:5:      layout_loops_ring, minmay_temple_entry_overgrown,
          uniq_crazy_yiuf_cottage
D:6:      layout_basic, minmay_small_thing, uniq_maggie
D:7:      layout_gridville, uniq_menkaure

Skill      XL: |  1  2  3  4  5  6  7  8  9 10 |
---------------+-------------------------------+-----
Fighting       | 1 2 3 4 5 6 |  6.0
Maces & Flails | 1 |  1.3
Axes           | 1 2 3 5 6 |  6.4
Throwing       | 1 4 |  4.0
Polearms       | 4 8 9 |  9.1
Dodging        | |  1.7
Stealth        | |  2.1
Spellcasting   | |  1.7
Conjurations   | |  3.2

Action                     |  1- 3 |  4- 6 |  7- 9 | 10-12 || total
---------------------------+-------+-------+-------+-------++-------
  Melee: Mace              |    72 |       |       |       ||    72
         War axe           |    60 |   128 |    87 |       ||   275
         Punch             |       |     3 |     1 |       ||     4
         Glaive            |       |       |    77 |    51 ||   128
  Throw: Dart              |       |       |    17 |     4 ||    21
   Cast: Magic Dart        |     4 |       |       |       ||     4
    Use: Scroll            |       |     5 |     1 |     1 ||     7
         Potion            |       |       |     2 |     5 ||     7
   Stab: Sleeping          |     1 |       |       |       ||     1
 Armour: Robe              |    11 |       |       |       ||    11
         Plate armour      |   105 |   116 |   106 |    96 ||   423
         Ring mail         |     8 |       |       |       ||     8
  Dodge: Dodged            |    51 |    50 |    52 |    41 ||   194
